 Dungeon Crawl Stone Soup version 0.29.1-2-gbd0b4ee654 (webtiles) character file.

Game seed: 1443846412004096884

88 qeuew the Ducker (level 4, 0/32 (34) HPs)
             Began as a Merfolk Gladiator on Nov 11, 2022.
             Was a Priest of Uskayaw.
             Succumbed to a gnoll's poison
             ... on level 3 of the Dungeon.
             The game lasted 00:02:56 (1412 turns).

qeuew the Ducker (Merfolk Gladiator)                Turns: 1412, Time: 00:02:57

HP:   0/32 (34)     AC:  4    Str: 16    XL:     4   Next: 53%
MP:   1/4           EV: 13    Int:  7    God:    Uskayaw [***...]
Gold: 78            SH:  0    Dex: 15    Spells: 3/3 levels left

rFire   . . .      SeeInvis .   a - +1 trident
rCold   . . .      Faith    .   (no shield)
rNeg    . . .      Spirit   .   b - +0 leather armour
rPois   .          Reflect  .   c - +0 helmet
rElec   .          Harm     .   (no cloak)
rCorr   .          Rampage  .   (no gloves)
Will    .....                   (no boots)
Stlth   +.........              i - amulet of regeneration
HPRegen 0.90/turn               (no ring)
MPRegen 0.09/turn               (no ring)

@: lethally poisoned (0 -> -11), drained
A: (nimble swimmer 2), mertail
a: Renounce Religion, Stomp, Line Pass


You were on level 3 of the Dungeon.
You worshipped Uskayaw.
Uskayaw was noncommittal.
You visited 1 branch of the dungeon, and saw 3 of its levels.

You collected 78 gold pieces.

Inventory:

Hand Weapons
 a - a +1 trident (weapon)
Missiles
 d - 3 throwing nets
 e - a javelin
Armour
 b - a +0 leather armour (worn)
 c - a +0 helmet (worn)
Jewellery
 i - an amulet of regeneration (around neck)
Scrolls
 h - 2 scrolls of teleportation


   Skills:
 + Level 2.9 Fighting
 + Level 4.3 Polearms
 + Level 2.6 Throwing
 + Level 0.6 Armour
 * Level 4.9 Dodging
 + Level 0.4 Spellcasting
 + Level 1.1 Invocations


You had 3 spell levels left.
You didn't know any spells.
Your spell library contained the following spells:

 Spells                   Type           Power      Damage    Failure   Level
 Slow                     Hex            0%         N/A       50%         1
 Confusing Touch          Hex            0%         N/A       86%         3
 Vampiric Draining        Necr           0%         2d6       86%         3
 Malign Gateway           Summ/Tloc      0%         N/A       100%        7
 Summon Horrible Things   Summ           0%         N/A       100%        8


Dungeon Overview and Level Annotations

Branches:
Dungeon (3/15)

Altars:
Qazlal
Uskayaw

Shops:
D:2 :


Innate Abilities, Weirdness & Mutations

((You are very nimble when in or above water. (Stealth+, EV+, Speed+++)))
Your lower body shifts to a powerful aquatic tail in water.


Message History

You puncture the ball python!
You kill the ball python!
The gnoll hits you with a +2 whip of venom.
You are poisoned.
You hit the gnoll.
The gnoll is moderately wounded.
You feel sick.
The gnoll is no longer sharing its pain.
The gnoll hits you with a +2 whip of venom!
You are more poisoned.
You are too injured to fight recklessly!
You are too injured to fight recklessly!
You are too injured to fight recklessly!
You are too injured to fight recklessly!
You are too injured to fight recklessly!
You are too injured to fight recklessly!
You are too injured to fight recklessly!
You are too injured to fight recklessly!
You are too injured to fight recklessly!
You are too injured to fight recklessly!
You are too injured to fight recklessly!
You are too injured to fight recklessly!
You are too injured to fight recklessly!
You are too injured to fight recklessly!
You are too injured to fight recklessly!
You hit the gnoll.
The gnoll is severely wounded.
You feel very sick.
The gnoll hits you with a +2 whip of venom.
* * * LOW HITPOINT WARNING * * *
You are lethally poisoned!
You aren't carrying any potions.
* * * LOW HITPOINT WARNING * * *
You feel very sick. The gnoll barely misses you.
Activating: Stomp
Press: ? - help, Q - select action, (/) - cycle Dir - look around, f - activate You stomp with the beat, sending a shockwave through the revellers around you!
You kill the gnoll!
You die...

#..###.#.#
#..# #...#
#..#####<#
#........#
#...######
#........#
#.#.####.#
#.#.####.#
#.#..@)..#
#.#####......
#. ..)$. ..?.
... ##


There were no monsters in sight!

Vanquished Creatures
  A gnoll (D:3)
  4 adders
  A worm (D:2)
  7 ball pythons
  6 endoplasms
  3 giant cockroaches
  3 goblins
  6 hobgoblins
  7 kobolds
  4 bats
  5 rats
47 creatures vanquished.

Notes
Turn   | Place    | Note
-------+----------+-------------------------------------------
     0 | D:1      | qeuew the Merfolk Gladiator began the quest for the Orb.
     0 | D:1      | Reached XP level 1. HP: 16/16 MP: 1/1
   217 | D:1      | Reached XP level 2. HP: 23/23 MP: 2/2
   442 | D:1      | Found a faded altar of an unknown god.
   498 | D:1      | Prayed at the altar of an unknown god.
   498 | D:1      | Became a worshipper of Uskayaw the Reveller
   498 | D:1      | Reached * piety under Uskayaw
   520 | D:1      | Reached ** piety under Uskayaw
   888 | D:2      | Reached XP level 3. HP: 24/28 MP: 3/3
  1042 | D:2      | Found a stormy altar of Qazlal.
  1135 | D:2      | Found Obloumuy's Book Emporium.
  1383 | D:3      | Reached skill level 1 in Invocations
  1383 | D:3      | Reached XP level 4. HP: 34/34 MP: 4/4
  1394 | D:3      | Reached *** piety under Uskayaw
  1406 | D:3      | Reached **** piety under Uskayaw
  1412 | D:3      | Succumbed to a gnoll's poison

Illustrated notes

Levels and vault maps discovered:
D:1:      beargit_arrival_diablo_church, layout_basic,
          ebering_ecumenical_altar_petrified
D:2:      layout_basic, serial_shops, shop, basic_altar, minmay_crystal_water
D:3:      layout_basic, mainiacjoe_overflow_brackets, st_stairs_8,
          minmay_guardbox

Skill      XL: |  1  2  3 |
---------------+----------+-----
Invocations    | 1 |  1.1
Fighting       | |  2.9
Polearms       | |  4.3
Throwing       | |  2.6
Armour         | |  0.6
Dodging        | |  4.9
Spellcasting   | |  0.4

Action                   |  1- 3 |  4- 6 || total
-------------------------+-------+-------++-------
Melee: Trident           |   122 |    28 ||   150
Invok: Stomp             |     1 |     1 ||     2
  Use: Scroll            |     4 |       ||     4
       Potion            |     1 |       ||     1
 Stab: Sleeping          |     1 |       ||     1
       Paralysed         |       |     1 ||     1
Armor: Leather armour    |    23 |    10 ||    33
Dodge: Dodged            |    73 |    14 ||    87
